 Dungeon Crawl Stone Soup version 0.26.0-16-gc1dbca0489 (webtiles) character file.

Game seed: 8085824224012357704

35 littlecub the Skirmisher (level 3, -3/30 HPs)
             Began as a Demonspawn Monk on Jan 21, 2021.
             Slain by Crazy Yiuf
             ... wielding a +2 quarterstaff of chaos
              (11 damage)
             ... on level 2 of the Dungeon.
             The game lasted 00:01:58 (1450 turns).

littlecub the Skirmisher (Demonspawn Monk)          Turns: 1450, Time: 00:01:58

Health: -3/30      AC:  4    Str: 12    XL:     3   Next: 16%
Magic:  3/3        EV: 13    Int: 11    God:
Gold:   142        SH:  0    Dex: 15    Spells: 2/2 levels left

rFire    . . .     SeeInvis .   a - +0 falchion
rCold    . . .     Faith    .   (no shield)
rNeg     . . .     Spirit   .   b - +0 robe
rPois    .         Reflect  .   (no helmet)
rElec    .         Harm     .   (no cloak)
rCorr    .         Rampage  .   (no gloves)
Will     .....                  (no boots)
Stlth    ++........             (no amulet)
HPRegen  0.10/turn              (no ring)
MPRegen  0.08/turn              (no ring)

@: no status effects
A: iridescent scales 1
a: no special abilities


You were on level 2 of the Dungeon.
You visited 1 branch of the dungeon, and saw 2 of its levels.

You collected 142 gold pieces.

Inventory:

Hand Weapons
 a - a +0 falchion (weapon)
Armour
 b - a +0 robe (worn)
Wands
 n - a wand of flame (15)
Scrolls
 c - a scroll of enchant weapon {unknown}
 d - a scroll of immolation {unknown}
 h - a scroll of blinking {unknown}
 i - a scroll of teleportation {unknown}
 k - 2 scrolls of remove curse {unknown}
 l - a scroll of fear {unknown}
 m - a scroll of identify {unknown}
Potions
 e - a potion of mutation {unknown}
 f - a potion of might {unknown}
 g - a potion of haste {unknown}
 j - 2 potions of curing {unknown}


   Skills:
 * Level 3.7 Fighting
 * Level 3.3 Long Blades
 - Level 2.6 Dodging
 - Level 1.7 Stealth


You had 2 spell levels left.
You didn't know any spells.
Your spell library was empty.

Dungeon Overview and Level Annotations

Branches:
Dungeon (2/15)

Altars:

Annotations:
D:2 Crazy Yiuf


Innate Abilities, Weirdness & Mutations

You are partially covered in iridescent scales. (AC +2)


Message History

Crazy Yiuf shouts!
You open the door. You hit Crazy Yiuf but do no damage.
Crazy Yiuf hits you with a +2 quarterstaff of chaos!
Crazy Yiuf freezes you.
You barely miss Crazy Yiuf.
Crazy Yiuf hits you with a +2 quarterstaff of chaos!
* * * LOW HITPOINT WARNING * * *
Crazy Yiuf freezes you.
* * * LOW HITPOINT WARNING * * *
You hit Crazy Yiuf.
Crazy Yiuf is lightly wounded.
Crazy Yiuf closely misses you.
Okay, then.
Okay, then.
You hit Crazy Yiuf but do no damage.
Crazy Yiuf is lightly wounded.
Crazy Yiuf screams, "Powder forty-two snail!"
Crazy Yiuf hits you with a +2 quarterstaff of chaos!
You die...

....# #.# #.##.......#
###.#
#####.######.#####..###
#.# #.........##.# #..#
##.# #.############
#..# #..# #.# #..##
##.#####.# ♣♣♣♣♣##...##
#........# ###
♣♣♣.♣...#....##
...#####.#
#...#♣..♣..........###
.........#
#...g@♣♣♣♣.........'..
...#####.# #)..#♣♣
♣♣..#.....### #....#
#.# ### ♣♣##....##
##.#.# #.# #...##
#.#.###.# #..##
#.......# ### #'##
###.##### #.# #.# #.#
#.# #.# #.# #.#
###.#######


You could see Crazy Yiuf.

Vanquished Creatures
  An adder (D:2)
  A dart slug (D:2)
  2 giant cockroaches (D:1)
  2 goblins
  6 hobgoblins
  4 bats
  A kobold (D:2)
  5 rats
  A toadstool (D:1)
23 creatures vanquished.

Vanquished Creatures (others)
  3 toadstools (D:1)
3 creatures vanquished.

Grand Total: 26 creatures vanquished

Notes
Turn   | Place    | Note
-------+----------+-------------------------------------------
     0 | D:1      | littlecub the Demonspawn Monk began the quest for the Orb.
     0 | D:1      | Reached XP level 1. HP: 18/18 MP: 1/1
   382 | D:1      | Gained mutation: You are partially covered in iridescent
                  | scales. (AC +2) [demonic ancestry]
   382 | D:1      | Reached XP level 2. HP: 21/24 MP: 2/2
  1160 | D:2      | Reached XP level 3. HP: 29/29 MP: 3/3
  1442 | D:2      | Found a runed translucent door.
  1443 | D:2      | Noticed Crazy Yiuf
  1450 | D:2      | Slain by Crazy Yiuf

Illustrated notes

Levels and vault maps discovered:
D:1:      ldierk_water_garden, layout_basic, minmay_misc_feat_enclosed,
          grunt_decor_arrowhead, hangedman_decor_clover_reticule
D:2:      layout_loops_corners, minmay_tall_x, uniq_crazy_yiuf_cottage,
          uniq_terence

Skill      XL: |  1 |
---------------+----+-----
Long Blades    | 3 |  3.3
Fighting       | |  3.7
Dodging        | |  2.6
Stealth        | |  1.7

Action                   || total
-------------------------++-------
Melee: Falchion          ||    68
 Stab: Sleeping          ||     6
Armor: Robe              ||     8
Dodge: Dodged            ||    40
       Rpst.: Falchion   ||    14
